 Dungeon Crawl Stone Soup version 0.26.1-11-gd32895ea62 (webtiles) character file.

Game seed: 9083293278051157985

8253 Almogavar the Covert (level 11, -1/59 HPs)
             Began as a Kobold Conjurer on May 24, 2021.
             Was an Elder of Nemelex Xobeh.
             Slain by a four-headed hydra (8 damage)
             ... on level 11 of the Dungeon.
             The game lasted 00:47:58 (14522 turns).

Almogavar the Covert (Kobold Conjurer)             Turns: 14522, Time: 00:47:59

Health: -1/59      AC:  8    Str: 10    XL:     11   Next: 52%
Magic:  13/23      EV: 17    Int: 29    God:    Nemelex Xobeh [****..]
Gold:   600        SH:  0    Dex: 14    Spells: 20/26 levels left

rFire    . . .     SeeInvis .   n - +4 dagger
rCold    . . .     Faith    .   (shield restricted)
rNeg     . . .     Spirit   .   W - +1 leather armour {rPois}
rPois    +         Reflect  .   g - +0 helmet
rElec    .         Harm     .   k - +0 cloak
rCorr    .         Rampage  .   w - +0 pair of gloves
Will     .....                  (no boots)
Stlth    ++++++....             r - amulet of the acrobat
HPRegen  0.19/turn              F - +6 ring of strength
MPRegen  0.18/turn              D - +6 ring of intelligence

@: no status effects
A: small, nightstalker 3
a: Renounce Religion, Draw Escape, Draw Destruction, Draw Summoning, Triple
Draw, Deal Four


You were on level 11 of the Dungeon.
You worshipped Nemelex Xobeh.
Nemelex Xobeh was greatly pleased with you.
You visited 2 branches of the dungeon, and saw 12 of its levels.
You also visited: Sewer.

You collected 600 gold pieces.

Inventory:

Hand Weapons
 m - a +1 dagger of speed
 n - a +4 dagger (weapon)
 x - a +2 dagger of pain
 X - the +5 hunting sling of Causality {flame, +Inv Will+, unknown}
   (You found it on level 10 of the Dungeon)

   It causes projectiles fired from it to burn those they strike, causing extra
   injury to most foes and up to half again as much damage against particularly
   susceptible opponents.
   It affects your willpower, your defense against some magical effects.
   It lets you turn invisible.
Missiles
 b - 74 bolts
 i - 52 poisoned darts
 L - 4 atropa-tipped darts
Armour
 a - a +0 ring mail
 g - a +0 helmet (worn)
 k - a +0 cloak (worn)
 w - a +0 pair of gloves (worn)
 J - the +3 ring mail of the Untouchables {Dex+3 Stlth+, unknown}
   (You found it on level 6 of the Dungeon)

   It affects your dexterity (+3).
   It makes you more stealthy.
 K - a cursed +0 chain mail
 M - a +2 scale mail of cold resistance
 U - a +2 chain mail of willpower
 W - a +1 leather armour of poison resistance (worn)
Magical Staves
 G - an uncursed staff of death
Jewellery
 e - an uncursed ring of protection from fire
 r - an amulet of the acrobat (around neck)
 C - an uncursed amulet of reflection
 D - a +6 ring of intelligence (right hand)
 E - an uncursed ring of flight
 F - a +6 ring of strength (left hand)
Wands
 z - a wand of random effects (19)
 Q - a wand of iceblast (6)
 T - a wand of polymorph (7)
 V - a wand of flame (15)
Scrolls
 h - 7 scrolls of teleportation
 j - 5 scrolls of remove curse
 o - 5 scrolls of amnesia
 s - 7 scrolls of fog
 t - 3 scrolls of magic mapping
 v - a scroll of noise {unknown}
 y - a scroll of enchant weapon
 B - 3 scrolls of fear {unknown}
 H - 2 scrolls of blinking {unknown}
 N - a scroll of random uselessness {unknown}
 P - 3 scrolls of enchant armour {unknown}
 R - a scroll of vulnerability {unknown}
Potions
 c - 4 potions of magic
 d - a potion of flight
 f - 2 potions of heal wounds
 l - 2 potions of might
 p - a potion of ambrosia
 q - 8 potions of brilliance
 u - 6 potions of curing
 A - 3 potions of invisibility
 I - a potion of mutation {unknown}
 O - a potion of haste {unknown}
 S - a potion of cancellation {unknown}


   Skills:
 + Level 2.9 Fighting
 + Level 7.0 Short Blades
 - Level 4.0 Armour
 + Level 5.6 Dodging
 + Level 13.1 Stealth
 + Level 8.3 Spellcasting
 + Level 9.0 Conjurations


You had 20 spell levels left.
You knew the following spells:

 Your Spells              Type           Power        Failure   Level
a - Magic Dart            Conj           100%         1%          1
b - Searing Ray           Conj           100%         1%          2
c - Dazzling Flash        Conj/Hex       76%          2%          3

Your spell library contained the following spells:

 Spells                   Type           Power        Failure   Level
 Beastly Appendage        Tmut           24%          6%          1
 Freeze                   Ice            48%          6%          1
 Blink                    Tloc           N/A          9%          2
 Wereblood                Tmut           12%          9%          2
 Fulminant Prism          Conj/Hex       19%          9%          4
 Hailstorm                Conj/Ice       38%          9%          4
 Iskenderun's Mystic Bla  Conj/Tloc      38%          9%          4
 Frozen Ramparts          Ice            24%          19%         3
 Gell's Gravitas          Tloc           6%           19%         3
 Lesser Beckoning         Tloc           6%           19%         3
 Ozocubu's Armour         Ice            12%          19%         3
 Spider Form              Tmut/Pois      6%           19%         3
 Teleport Other           Tloc           12%          19%         3
 Ice Form                 Ice/Tmut       12%          52%         4
 Passage of Golubria      Tloc           N/A          52%         4
 Summon Ice Beast         Ice/Summ       12%          52%         4
 Blade Hands              Tmut           6%           86%         5


Dungeon Overview and Level Annotations

Branches:
Dungeon (11/15)            Temple (1/1) D:4           Sewer (visited)
   Lair: D:8-11         Orc: D:9-12

Altars:
Ashenzari
Cheibriados
Dithmenos
Elyvilon
Fedhas
Gozag
Hepliaklqana
Kikubaaqudgha
Makhleb
Nemelex Xobeh
Okawaru
Qazlal
Ru
Sif Muna
Trog
Uskayaw
Vehumet
Wu Jian
Xom
Yredelemnul
Zin
The Shining One

Shops:
D:5 !   D:8 (   D:10 *!

Portals:
Abyss: D:6

Annotations:
D:6 2 transporters, mahan's ghost, novice MiBe


Innate Abilities, Weirdness & Mutations

You are small and have problems with some larger weapons.
You are completely attuned to the shadows.


Message History

The four-headed hydra closely misses you.
The four-headed hydra barely misses you.
The four-headed hydra bites you!
The four-headed hydra bites you but does no damage.
The searing ray hits the four-headed hydra!
The four-headed hydra is severely wounded.
The four-headed hydra bites you!
* * * LOW HITPOINT WARNING * * *
The four-headed hydra misses you. The four-headed hydra bites you!
* * * LOW HITPOINT WARNING * * *
The four-headed hydra bites you but does no damage.
Okay, then.
Casting: Searing Ray (safe; 1% risk of failure)
Confirm with . or Enter, or press ? or * to list all spells.
The four-headed hydra bites you but does no damage.
The four-headed hydra bites you.
* * * LOW HITPOINT WARNING * * *
The four-headed hydra bites you!
You die...
Your body disappears without a glow.

####)## #).# ####'##
#.....# .....#
#.....### .....#
###.....'..
.....######.'....(###
.....##.....#.....#
...D@'..########'##
.....#### #.# ##+###
##.# ####..# #....##
#.#### .#####'#####
..#.....†..#
...........#


You could see a four-headed hydra.

Vanquished Creatures
  2 two-headed ogres
  A troll (D:10)
  A wraith (D:10)
  13 yaks
  A wyvern (D:11)
  2 steam dragons (D:6)
  Menkaure (D:4)
  An acid dragon (D:10)
  3 ice beasts
  2 phantoms
  A black bear (D:10)
  An orc warrior (D:8)
  A necrophage (D:10)
  2 sky beasts
  3 ogres
  4 centaurs
  5 bullfrogs
  5 scorpions
  A howler monkey (D:7)
  A bullfrog zombie (D:11)
  2 quasits
  A centaur zombie (D:7)
  2 jellies
  4 hounds
  3 orc priests
  5 bullfrog skeletons
  8 orc wizards
  Jessica (D:3)
  4 iguanas
  6 worker ants
  A hound zombie (D:11)
  3 hound skeletons
  A mummy (D:8)
  Robin (D:4)
  7 gnolls
  6 river rats (Sewer)
  16 adders
  A howler monkey skeleton (D:6)
  4 shadow imps
  2 white imps
  4 ufetubi
  3 oozes
  An adder skeleton (D:7)
  3 worms
  6 dart slugs
  7 leopard geckos
  43 orcs
  3 bats
  9 giant cockroaches
  20 goblins
  8 hobgoblins
  9 jackals
  4 quokkas
  14 ball pythons
  4 frilled lizards
  12 kobolds
  A leopard gecko skeleton (D:7)
  A quokka zombie (D:9)
  27 rats
308 creatures vanquished.

Vanquished Creatures (collateral kills)
  A two-headed ogre (D:11)
  An orc (D:11)
2 creatures vanquished.

Vanquished Creatures (others)
  9 fungi (D:6)
  9 plants (D:2)
18 creatures vanquished.

Grand Total: 328 creatures vanquished

Notes
Turn   | Place    | Note
-------+----------+-------------------------------------------
     0 | D:1      | Almogavar the Kobold Conjurer began the quest for the Orb.
     0 | D:1      | Reached XP level 1. HP: 10/10 MP: 3/3
   194 | D:1      | Reached XP level 2. HP: 15/15 MP: 0/5
   350 | D:1      | Learned a level 2 spell: Searing Ray
   567 | D:1      | Reached skill level 3 in Stealth
   697 | D:1      | Reached XP level 3. HP: 19/19 MP: 6/6
  1243 | D:2      | Reached XP level 4. HP: 24/24 MP: 7/7
  1386 | D:2      | Reached skill level 4 in Stealth
  2261 | D:3      | Reached skill level 1 in Short Blades
  2276 | D:3      | Found a glowing drain.
  2311 | Sewer    | Entered a sewer
  2390 | Sewer    | Reached XP level 5. HP: 28/28 MP: 3/8
  2933 | Sewer    | Reached skill level 5 in Conjurations
  3150 | Sewer    | Reached XP level 6. HP: 33/33 MP: 6/10
  3308 | Sewer    | Reached skill level 1 in Fighting
  3317 | Sewer    | Reached skill level 5 in Stealth
  3607 | D:3      | Found a faded altar of an unknown god.
  3660 | D:3      | Noticed Jessica
  3664 | D:3      | Killed Jessica
  3665 | D:3      | Reached XP level 7. HP: 36/38 MP: 9/12
  4004 | D:3      | Learned a level 3 spell: Dazzling Flash
  4983 | D:4      | Found a staircase to the Ecumenical Temple.
  5028 | Temple   | Entered the Ecumenical Temple
  5064 | Temple   | Became a worshipper of Nemelex Xobeh the Trickster
  5230 | D:4      | Noticed Robin
  5232 | D:4      | Killed Robin
  6082 | D:4      | Noticed Menkaure
  6088 | D:4      | Killed Menkaure
  6089 | D:4      | Reached skill level 6 in Stealth
  6089 | D:4      | Reached XP level 8. HP: 23/43 MP: 9/14
  6497 | D:4      | Found a sacrificial altar of Ru.
  6554 | D:5      | Entered Level 5 of the Dungeon
  6581 | D:5      | Found Suscha's Distillery.
  6766 | D:5      | Found a broken altar of Ashenzari.
  6766 | D:5      | Found a white marble altar of Elyvilon.
  7118 | D:5      | Reached skill level 5 in Spellcasting
  7322 | D:5      | Reached skill level 7 in Stealth
  7637 | D:6      | Found a transporter.
  7804 | D:6      | Reached * piety under Nemelex Xobeh
  8115 | D:6      | Received a gift from Nemelex Xobeh
  8169 | D:6      | Found a one-way gate to the infinite horrors of the Abyss.
  8169 | D:6      | Noticed mahan's ghost (novice MiBe)
  8219 | D:6      | Got a dazzling ring mail
  8335 | D:6      | Reached skill level 1 in Armour
  8335 | D:6      | Reached XP level 9. HP: 39/47 MP: 8/17
  8461 | D:6      | Noticed an ancient zyme
  8749 | D:6      | Found a transporter.
  9001 | D:7      | Received a gift from Nemelex Xobeh
  9096 | D:7      | Reached ** piety under Nemelex Xobeh
  9147 | D:7      | Found an opulent altar of Gozag.
  9182 | D:7      | Found a hide-covered altar of Uskayaw.
  9873 | D:7      | Found a glowing golden altar of the Shining One.
  9901 | D:7      | Received a gift from Nemelex Xobeh
 10133 | D:8      | Reached skill level 5 in Short Blades
 10373 | D:8      | Received a gift from Nemelex Xobeh
 10498 | D:8      | Found Kukeovot's Weapon Emporium.
 10699 | D:8      | Reached skill level 8 in Stealth
 10823 | D:8      | Found a snail-covered altar of Cheibriados.
 10933 | D:8      | Found an ornate altar of the Wu Jian Council.
 10981 | D:8      | Reached skill level 5 in Dodging
 10986 | D:8      | Reached XP level 10. HP: 38/52 MP: 4/20
 11573 | D:9      | Reached *** piety under Nemelex Xobeh
 11772 | D:9      | Received a gift from Nemelex Xobeh
 12090 | D:9      | Reached skill level 9 in Stealth
 12311 | D:10     | Entered Level 10 of the Dungeon
 12413 | D:10     | Found Epatiut's Assorted Antiques.
 12494 | D:10     | Got a crude hunting sling
 12580 | D:10     | Received a gift from Nemelex Xobeh
 12594 | D:10     | Found Yqia's Distillery.
 13090 | D:10     | Noticed a two-headed ogre
 13099 | D:10     | Reached skill level 10 in Stealth
 13156 | D:10     | Killed a two-headed ogre
 13731 | D:10     | Reached skill level 11 in Stealth
 13731 | D:10     | Reached XP level 11. HP: 58/58 MP: 22/22
 13733 | D:10     | Reached **** piety under Nemelex Xobeh
 13881 | D:11     | Received a gift from Nemelex Xobeh
 13931 | D:11     | Noticed a two-headed ogre
 13951 | D:11     | Killed a two-headed ogre
 14181 | D:11     | Reached skill level 12 in Stealth
 14301 | D:11     | Noticed a two-headed ogre
 14328 | D:11     | Killed a two-headed ogre
 14329 | D:11     | Reached skill level 13 in Stealth
 14514 | D:11     | Noticed a four-headed hydra
 14522 | D:11     | Slain by a four-headed hydra

Illustrated notes

Levels and vault maps discovered:
D:1:      psy_arrival_statuary, layout_rooms, minmay_split_cup_small
D:2:      layout_loops_ring, lexackson_kobold_supper
D:3:      layout_basic, chequers_ecumenical_altar_simple, portal_sewer_entry_f,
          uniq_jessica
D:4:      layout_loops_ring, nicolae_ru_path_of_blood,
          minmay_temple_entry_gardened_gates, uniq_menkaure, uniq_robin
D:5:      layout_rooms, gammafunk_temple_overflow_elements, serial_shops, shop
D:6:      kennysheep_steamy, layout_gridville, gammafunk_ghost_abyssal_escape
D:7:      layout_cave_pods, eat_drink_and_be_merry_uskayaw,
          nicolae_overflow_hidden_temple, serial_bayou_pond_e, tso_altar
D:8:      layout_cave_pools, kennysheep_little_box, slow_altar_2, serial_shops,
          nicolae_shop_crystal, grunt_ministairs_7
D:9:      layout_loops_ring
D:10:     layout_basic, serial_shops, shop, nicolae_shop_stone
D:11:     layout_roguey [special_room_bee], minmay_lair_entry_grove
Temple:   eino_wide_crystal_templ

Skill      XL: |  1  2  3  4  5  6  7  8  9 10 11 |
---------------+----------------------------------+-----
Stealth        | 3 4 5 6 7 8 11 13 | 13.1
Short Blades   | 1 2 3 4 5 6 7 |  7.0
Dodging        | 3 4 5 |  5.6
Spellcasting   | 3 4 5 6 7 8 |  8.3
Conjurations   | 5 6 7 8 9 |  9.0
Fighting       | 1 2 |  2.9
Armour         | 1 3 4 |  4.0

Action                   |  1- 3 |  4- 6 |  7- 9 | 10-12 || total
-------------------------+-------+-------+-------+-------++-------
Melee: Dagger            |    15 |    57 |    51 |    33 ||   156
 Cast: Magic Dart        |    16 |    13 |    19 |     1 ||    49
       Searing Ray       |     7 |    34 |   109 |    44 ||   194
       Dazzling Flash    |       |       |       |     2 ||     2
Invok: Draw Escape       |       |       |       |     2 ||     2
       Draw Destruction  |       |       |       |     2 ||     2
       Draw Summoning    |       |       |       |     1 ||     1
  Use: Scroll            |     3 |     3 |     7 |     3 ||    16
       Potion            |       |     1 |       |     2 ||     3
 Stab: Sleeping          |    11 |     7 |     9 |    20 ||    47
Armor: Robe              |       |    17 |     3 |       ||    20
       Leather armour    |       |       |     4 |    17 ||    21
Dodge: Dodged            |    10 |    98 |    60 |    63 ||   231
